 Dungeon Crawl Stone Soup version 0.28-a0-620-g539b0f7ac7 (webtiles) character file.

Game seed: 14943778246901642933

24 meatgazer the Skirmisher (level 3, 0/35 HPs)
             Began as a Gnoll Wanderer on Oct 6, 2021.
             Slain by a gnoll (2 damage)
             ... on level 2 of the Dungeon.
             The game lasted 00:02:30 (1201 turns).

meatgazer the Skirmisher (Gnoll Wanderer)           Turns: 1201, Time: 00:02:30

Health: 0/35       AC:  4    Str: 12    XL:     3   Next: 2%
Magic:  3/3        EV: 11    Int: 10    God:
Gold:   37         SH:  8    Dex: 12    Spells: 3/3 levels left

rFire   . . .      SeeInvis .   a - +0 dagger
rCold   . . .      Faith    .   d - +0 kite shield
rNeg    . . .      Spirit   .   c - +0 robe
rPois   .          Reflect  .   (no helmet)
rElec   .          Harm     .   i - +1 cloak
rCorr   .          Rampage  .   (no gloves)
Will    .....                   (no boots)
Stlth   ++........              (no amulet)
HPRegen 0.11/turn               (no ring)
MPRegen 0.08/turn               (no ring)

@: lethally poisoned (0 -> -5)
A: fangs 1, strong nose, distributed training
a: no special abilities


You were on level 2 of the Dungeon.
You visited 1 branch of the dungeon, and saw 2 of its levels.

You collected 37 gold pieces.

Inventory:

Hand Weapons
 a - a +0 dagger (weapon)
 l - a +2 antimagic quarterstaff
Armour
 c - a +0 robe (worn)
 d - a +0 kite shield (worn)
 i - a +1 cloak (worn)
Jewellery
 j - a +6 ring of intelligence
Scrolls
 b - 3 scrolls of teleportation
Potions
 f - a potion of flight {unknown}
 g - a potion of ambrosia
 h - a potion of curing {unknown}


   Skills:
 + Level 6.5 Fighting
 + Level 0.5 Short Blades
 + Level 0.5 Long Blades
 + Level 2.5 Axes
 + Level 0.5 Maces & Flails
 + Level 0.5 Polearms
 + Level 0.5 Staves
 + Level 0.5 Slings
 + Level 0.5 Bows
 + Level 0.5 Crossbows
 + Level 0.5 Throwing
 + Level 0.5 Armour
 + Level 4.5 Dodging
 + Level 2.3 Stealth
 + Level 2.5 Shields
 + Level 2.5 Unarmed Combat
 + Level 0.5 Spellcasting
 + Level 0.4 Conjurations
 + Level 0.4 Hexes
 + Level 0.4 Summonings
 + Level 0.4 Necromancy
 + Level 0.4 Translocations
 + Level 0.4 Transmutations
 + Level 0.4 Fire Magic
 + Level 0.4 Ice Magic
 + Level 0.4 Air Magic
 + Level 0.4 Earth Magic
 + Level 0.4 Poison Magic
 + Level 0.7 Invocations
 + Level 2.5 Evocations


You had 3 spell levels left.
You didn't know any spells.
Your spell library contained the following spells:

 Spells                   Type           Power      Damage    Failure   Level
 Beastly Appendage        Tmut           2%         N/A       83%         1
 Wereblood                Tmut           1%         N/A       93%         2
 Spider Form              Tmut/Pois      0%         N/A       99%         3


Dungeon Overview and Level Annotations

Branches:
Dungeon (2/15)

Altars:


Innate Abilities, Weirdness & Mutations

You have very sharp teeth.
Your uncanny sense of smell can sniff out nearby items.
Your experience applies equally to all skills.


Message History

The gnoll hits you but does no damage.
A hobgoblin comes into view.
You block the adder's attack. You block the gnoll's attack.
A rat comes into view.
You barely miss the adder.
The adder is moderately wounded.
You block the adder's attack. You block the gnoll's attack.
The gnoll hits you from afar with a +2 halberd of protection!
The gnoll misses you. The adder closely misses you.
The gnoll hits you with a +0 whip.
You closely miss the adder.
The adder is moderately wounded.
You block the gnoll's attack. The gnoll hits you with a +0 club.
The adder barely misses you. You block the gnoll's attack.
You hit the adder but do no damage.
The adder is moderately wounded.
The adder bites you but does no damage.
The gnoll hits you from afar with a +2 halberd of protection.
The gnoll barely misses you. The adder bites you.
You are poisoned.
The adder poisons you! The gnoll misses you. You block the gnoll's attack.
The gnoll closely misses you.
There are monsters nearby!
You feel sick. The adder bites you.
* * * LOW HITPOINT WARNING * * *
You are lethally poisoned!
The adder poisons you! The gnoll closely misses you.
* * * LOW HITPOINT WARNING * * *
You feel sick. You block the adder's attack.
You hit the adder.
The adder is heavily wounded.
* * * LOW HITPOINT WARNING * * *
You feel very sick. The adder barely misses you. The gnoll barely misses you.
You hit the adder but do no damage.
The adder is heavily wounded.
* * * LOW HITPOINT WARNING * * *
You feel sick. The adder closely misses you.
The gnoll hits you but does no damage. The gnoll hits you with a +0 club.
You die...

.......# #.# #...... ...
.......###.###...#.##....
.......#.................
.......#....# #..#.##....
..##+#.#....###........ .
..+....................>..
..##.#.#....##...#.###....
..'.............ggg.......
..##.........†..@Sr.......
.......#..#.##.g##.#.#....
##........#.......g....∆..
##.######.#.##..##.#.#...
..........................
.............#.###.#.#....
##.######.#..#.# ... ....
...... .. .. ... .. ##....


You could see 3 gnolls, an adder, a hobgoblin and a rat.

Vanquished Creatures
  A gnoll (D:1)
  A dart slug (D:1)
  An endoplasm (D:1)
  3 hobgoblins
  A ball python (D:2)
  2 bats
  2 frilled lizards (D:1)
  A goblin (D:2)
  A kobold (D:1)
  2 rats (D:2)
15 creatures vanquished.

Notes
Turn   | Place    | Note
-------+----------+-------------------------------------------
     0 | D:1      | meatgazer the Gnoll Wanderer began the quest for the Orb.
     0 | D:1      | meatgazer set off with the following items: a +0 dagger, 2
                  | scrolls of teleportation, a +0 robe, a +0 kite shield
     0 | D:1      | Reached XP level 1. HP: 23/23 MP: 1/1
    47 | D:1      | Reached XP level 2. HP: 23/29 MP: 2/2
  1162 | D:2      | Reached XP level 3. HP: 35/35 MP: 3/3
  1201 | D:2      | Slain by a gnoll

Illustrated notes

Levels and vault maps discovered:
D:1:      amcnicky_arrival_flooded_fountain, layout_loops_cross,
          kennysheep_doodads
D:2:      layout_basic, uniq_jessica

Action                   || total
-------------------------++-------
Melee: Dagger            ||    70
       Pseudopods        ||     4
  Use: Scroll            ||     3
 Stab: Sleeping          ||     2
Armor: Robe              ||    24
Dodge: Dodged            ||    37
Block: Kite shield       ||    31

Table legend: (Time is in decaauts)
 A = Elapsed time spent in this place.
 B = Non-inter-level travel time spent in this place.
 C = Inter-level travel time spent in this place.
 D = Time resting spent in this place.
 E = Time spent auto-exploring this place.
 F = Levels seen in this place.
 G = Mean time per level.
                   A        B        C        D        E       F      G
               +--------+--------+--------+--------+--------+-----+--------+
         Total |   1215 |   1197 |     18 |      0 |   1020 |   2 |  607.5 |
       Dungeon |   1215 |   1197 |     18 |      0 |   1020 |   2 |  607.5 |
               +--------+--------+--------+--------+--------+-----+--------+

Top non-repeatable levels by time:
     D:1: 932 daAuts
     D:2: 283 daAuts
